 Dungeon Crawl Stone Soup version 0.22-a0-460-g49b1da7 (webtiles) character file.

36 4thArraOfDagon the Slasher (level 3, 5/49 HPs)
             Began as a Minotaur Monk on June 9, 2018.
             Was a Believer of the Shining One.
             Quit the game on level 3 of the Dungeon.
             The game lasted 00:00:40 (68 turns).

4thArraOfDagon the Slasher (Minotaur Monk)            Turns: 68, Time: 00:00:41

Health: 5/49       AC: 21    Str: 15    XL:     3   Next: 19%
Magic:  2/2        EV:  2    Int:  8    God:    the Shining One [**....]
Gold:   0          SH:  0    Dex: 12    Spells: 2/2 levels left

rFire    . . .     SeeInvis .   (no weapon)
rCold    . . .     Gourm    .   (no shield)
rNeg     + + +     Faith    .   (armour currently unavailable)
rPois    +         Spirit   .   (helmet currently unavailable)
rElec    .         Reflect  .   (cloak currently unavailable)
rCorr    .         Harm     .   (gloves currently unavailable)
MR       .....     NoTele   +   (boots currently unavailable)
Stlth    +.........             (no amulet)
HPRegen  0.16/turn              (no ring)
MPRegen  0.08/turn              (no ring)

@: lethally poisoned (5 -> -7), tree-form (expiring), glowing
A: (retaliatory headbutt)
a: Divine Shield, Renounce Religion


You were on level 3 of the Dungeon.
You worshipped the Shining One.
The Shining One was pleased with you.
You were not hungry.
You were a tree.
You visited 1 branch of the dungeon, and saw 3 of its levels.

Inventory:

Hand Weapons
 a - a +0 falchion
Armour
 b - a +0 robe (melded)
Comestibles
 c - a ration


   Skills:
 + Level 4.1 Fighting
 * Level 4.5 Long Blades
 + Level 3.7 Dodging
 - Level 1.5 Stealth


You had 2 spell levels left.
You didn't know any spells.
Your spell library was empty.

Dungeon Overview and Level Annotations

Branches:
Dungeon (2/15)

Altars:
The Shining One

Annotations:
D:2 Terence


Innate Abilities, Weirdness & Mutations

((You reflexively headbutt those who attack you in melee.))
((You have a pair of horns on your head.))


Message History

The poisoned needle hits you!
Unknown command.
You aren't carrying any items that you can evoke.
As you read the scroll labeled HOKA ZOIHIF, it crumbles to dust.
You feel blessed for a moment.
You are now empty-handed.
It was a scroll of remove curse.
The kobold shoots a poisoned needle.
The poisoned needle hits you!
You are lethally poisoned!
Your transformation is almost over.
* * * LOW HITPOINT WARNING * * *
You feel sick.
* * * LOW HITPOINT WARNING * * *
You feel sick.
* * * LOW HITPOINT WARNING * * *
You feel sick.
* * * LOW HITPOINT WARNING * * *
You feel sick.
The kobold shoots a poisoned needle.
The poisoned needle hits you.
You are more poisoned.
Are you sure you want to abandon this character and quit the game? (Confirm with "yes".)

##### .. #...# ..##
#)_.# ..K.# #...#
.....# ###)###
#.....######8...8####
#....[..#....♣.....#
#.....K....?.......
###................
##..##.#.....#.##
#######..?##### #####


You could see a kobold.

Vanquished Creatures
  A hound (D:3)
  A leopard gecko (D:3)
  A goblin (D:3)
  A hobgoblin (D:3)
  A bat (D:2)
  A rat (D:2)
6 creatures vanquished.

Notes
Turn   | Place    | Note
-------+----------+-------------------------------------------
     0 | D:1      | 4thArraOfDagon the Minotaur Monk began the quest for the Orb.
     0 | D:1      | Reached XP level 1. HP: 19/19 MP: 0/0
     8 | D:2      | Noticed Terence
    18 | D:2      | You fall through a shaft!
    25 | D:3      | Found a glowing golden altar of the Shining One.
    29 | D:3      | Became a worshipper of the Shining One
    29 | D:3      | Reached * piety under the Shining One
    29 | D:3      | Reached ** piety under the Shining One
    38 | D:3      | Noticed a hound
    55 | D:3      | Killed a hound
    55 | D:3      | Reached XP level 2. HP: 7/27 MP: 1/1
    55 | D:3      | Reached XP level 3. HP: 9/33 MP: 2/2
    68 | D:3      | Quit the game

Vault maps used:
D:1:      ebering_trefoil_twist
D:2:      chequers_ecumenical_altar_grove, minmay_item_behind_shaft, uniq_robin,
          uniq_terence
D:3:      nicolae_tso_carved_into_rock, first_ration, interstate_on_off,
          minmay_cut_off

Skill      XL: |  1 |
---------------+----+-----
Fighting       | 4 |  4.1
Long Blades    | 4 |  4.5
Dodging        | |  3.7
Stealth        | |  1.5

Action                   || total
-------------------------++-------
Melee: Falchion          ||    20
  Use: Potion            ||     1
       Scroll            ||     1
Armor: Skin              ||    10
       Robe              ||     3
Dodge: Dodged            ||    16
       Rpst.: Falchion   ||     4

Table legend:
 A = Spawn XP
 B = Non-spawn XP
 C = Spawn XP percentage of total XP
 D = Spawn monster count
 E = Non-spawn monster count
 F = Spawn count percentage of total count
 G = Total turns spent on level
                    A         B        C        D         E        F      G
               +---------+---------+-------+---------+---------+-------+---------
         Total |       0 |      52 |   0.0 |       0 |       6 |   0.0 |    68
               +---------+---------+-------+---------+---------+-------+---------
           D:2 |       0 |       2 |   0.0 |       0 |       2 |   0.0 |    10
           D:3 |       0 |      50 |   0.0 |       0 |       4 |   0.0 |    50
               +---------+---------+-------+---------+---------+-------+---------
